 Dungeon Crawl Stone Soup version 0.25.1-1-g288607f5aa (webtiles) character file.

Game seed: 2646653860556706401

2601 Kold the Martial Artist (level 9, 0/63 HPs)
             Began as an Octopode Transmuter on July 25, 2020.
             Was a Priest of Cheibriados.
             Slain by a brown ugly thing (14 damage)
             ... on level 8 of the Dungeon.
             The game lasted 00:12:07 (8272 turns).

Kold the Martial Artist (Octopode Transmuter)       Turns: 8272, Time: 00:12:08

Health: 0/63       AC: -4    Str: 16      XL:     9   Next: 59%
Magic:  9/12       EV: 10    Int: 32      God:    Cheibriados [***...]
Gold:   427        SH:  0    Dex: 17 (19) Spells: 3/12 levels left

rFire    x . .     SeeInvis .     - Unarmed
rCold    + + +     Gourm    .   (shield currently unavailable)
rNeg     . . .     Faith    .   (helmet currently unavailable)
rPois    +         Spirit   .   (no amulet)
rElec    .         Reflect  .   l - ring of protection from magic
rCorr    .         Harm     .   i - +6 ring of intelligence
MR       +....                  (no ring)
Stlth    ++........             (no ring)
HPRegen  0.20/turn              (no ring)
MPRegen  0.13/turn              (no ring)
                                (no ring)
                                (no ring)

@: ice-form, corroded, very slow
A: large, almost no armour, stealthy swim, amphibious, 8 rings, (constrict 8)
a: End Transformation, Bend Time, Temporal Distortion, Renounce Religion


You were on level 8 of the Dungeon.
You worshipped Cheibriados.
Cheibriados was most pleased with you.
You were hungry.
You were a creature of crystalline ice.
You visited 1 branch of the dungeon, and saw 8 of its levels.

You collected 427 gold pieces.

Inventory:

Hand Weapons
 m - the cursed +2 rapier "Becuh" (melded) {vorpal, rC+}
   (You found it on level 7 of the Dungeon)

   It inflicts extra damage upon your enemies.
   It protects you from cold.
   It has a curse placed upon it.
Missiles
 a - 73 arrows
Jewellery
 i - a +6 ring of intelligence (right front paw)
 l - a ring of protection from magic (left front paw)
Wands
 h - a wand of polymorph (6)
Scrolls
 b - 3 scrolls of teleportation
 d - 2 scrolls of identify
 e - 4 scrolls of fear
 n - a scroll of blinking {unknown}
 o - a scroll of enchant armour {unknown}
Potions
 g - 2 potions of invisibility
 j - 5 potions of curing
 k - a potion of heal wounds
Comestibles
 c - 13 rations
 f - a chunk of flesh


   Skills:
 - Level 1.0 Fighting
 - Level 2.0 Dodging
 - Level 2.0 Stealth
 + Level 9.1 Unarmed Combat
 - Level 2.0 Spellcasting
 + Level 8.8 Transmutations
 - Level 3.0 Ice Magic
 - Level 2.0 Poison Magic


You had 3 spell levels left.
You knew the following spells:

 Your Spells              Type           Power        Failure   Level  Hunger
a - Ice Form              Ice/Tmut       #####...     6%          4    ####...
b - Sticks to Snakes      Tmut           ######..     1%          2    ##.....
c - Spider Form           Tmut/Pois      #####.....   2%          3    ###....

Your spell library contained the following spells:

 Spells                   Type           Power        Failure   Level  Hunger
 Beastly Appendage        Tmut           ######       1%          1    None
 Passwall                 Tmut/Erth      ####....     1%          2    ##.....
 Sandblast                Erth           #.....       7%          1    None
 Stone Arrow              Conj/Erth      #.....       21%         3    ###....
 Blade Hands              Tmut           ######....   4%          5    ######.
 Petrify                  Tmut/Erth      ####....     11%         4    ####...
 Lee's Rapid Deconstruct  Erth           #.........   88%         5    ######.


Dungeon Overview and Level Annotations

Branches:
Dungeon (8/15)             Temple (0/1) D:7
   Lair: D:8-11

Altars:
Cheibriados
Dithmenos
Gozag
Hepliaklqana
Nemelex Xobeh
Sif Muna
Wu Jian
The Shining One

Shops:
D:7 =

Annotations:
D:8 2 transporters


Innate Abilities, Weirdness & Mutations

You cannot wear most types of armour.
You are very stealthy in the water. (Stealth+)
You are amphibious.
You can wear up to eight rings at the same time.
((You can use your tentacles to constrict eight enemies at once.))
((Your skin changes colour to match your surroundings (Stealth+).))
((Your rubbery body absorbs attacks. (AC +1, EV +1)))
((You are partially covered in molten scales. (AC +2)))
((Your flesh is cold resistant. (rC+)))


Message History

The brown ugly thing punches you.
You are splashed with acid!
You closely miss the brown ugly thing.
The brown ugly thing is severely wounded.
The brown ugly thing punches you!
* * * LOW HITPOINT WARNING * * *
The acid corrodes you!
You are splashed with acid.
* * * LOW HITPOINT WARNING * * *
You feel much better. The brown ugly thing punches you!
* * * LOW HITPOINT WARNING * * *
The acid corrodes you!
You are splashed with acid.
* * * LOW HITPOINT WARNING * * *
You feel much better. The brown ugly thing punches you. The acid corrodes you!
You are splashed with acid!
* * * LOW HITPOINT WARNING * * *
You hit the brown ugly thing but do no damage.
The brown ugly thing is severely wounded.
You completely miss the brown ugly thing.
The brown ugly thing is severely wounded.
The brown ugly thing punches you!
You die...

#####.. ##.....#
##....... .......
#.......# #.......#
........#.. #.......##
........##.##........#
#......# #..........#
#..uY# #.........#
###..# #...)..!..#
#### #........#
#......## ##.##..#
#..#### . ##..####..
#####......©
#...........


You could see a brown ugly thing.

Vanquished Creatures
  A manticore (D:7)
  Grinder (D:5)
  Sigmund (D:3)
  An ice beast (D:7)
  3 orc warriors
  A phantom (D:4)
  A sky beast (D:6)
  A necrophage (D:6)
  4 ogres
  Blork the orc (D:5)
  A scorpion (D:4)
  A crimson imp (D:7)
  A quasit (D:7)
  3 jellies
  2 orc priests
  A centaur skeleton (D:6)
  5 hounds
  An orc wizard (D:4)
  A bullfrog skeleton (D:6)
  Natasha (thrice) (D:2)
  2 iguanas
  2 worker ants
  A hound zombie (D:7)
  A worker ant zombie (D:7)
  5 gnolls
  4 adders
  A shadow imp (D:2)
  An adder zombie (D:7)
  2 worms
  2 dart slugs (D:3)
  2 leopard geckos
  13 orcs
  6 giant cockroaches
  9 goblins
  11 jackals
  4 quokkas
  3 ball pythons
  4 bats
  5 frilled lizards
  11 kobolds
  A quokka zombie (D:6)
  6 rats
130 creatures vanquished.

Notes
Turn   | Place    | Note
-------+----------+-------------------------------------------
     0 | D:1      | Kold the Octopode Transmuter began the quest for the Orb.
     0 | D:1      | Reached XP level 1. HP: 13/13 MP: 3/3
    69 | D:1      | Reached skill level 1 in Stealth
    69 | D:1      | Reached XP level 2. HP: 9/18 MP: 3/5
  1297 | D:2      | Reached XP level 3. HP: 20/23 MP: 6/6
  1364 | D:2      | Learned a level 2 spell: Sticks to Snakes
  1368 | D:2      | Learned a level 3 spell: Spider Form
  1375 | D:2      | Noticed Natasha
  1383 | D:2      | Killed Natasha
  1626 | D:2      | Reached XP level 4. HP: 20/28 MP: 5/7
  1733 | D:2      | Noticed Natasha
  1740 | D:2      | Killed Natasha
  1740 | D:2      | Reached skill level 4 in Unarmed Combat
  1827 | D:2      | Reached XP level 5. HP: 29/33 MP: 8/8
  2170 | D:2      | Found a hazy altar of Hepliaklqana.
  2268 | D:2      | Noticed Natasha
  2275 | D:2      | Killed Natasha
  2284 | D:2      | Found a sparkling altar of Nemelex Xobeh.
  2812 | D:3      | Found a shadowy altar of Dithmenos.
  2941 | D:3      | Reached XP level 6. HP: 38/38 MP: 9/9
  3219 | D:3      | Noticed Sigmund
  3232 | D:3      | Killed Sigmund
  3232 | D:3      | Reached skill level 5 in Unarmed Combat
  3232 | D:3      | Reached skill level 5 in Transmutations
  3484 | D:3      | Found a snail-covered altar of Cheibriados.
  3497 | D:3      | Became a worshipper of Cheibriados the Contemplative
  3798 | D:4      | Found an opulent altar of Gozag.
  3927 | D:4      | Reached skill level 1 in Poison Magic
  3927 | D:4      | Reached XP level 7. HP: 39/43 MP: 10/10
  4327 | D:4      | Reached skill level 6 in Unarmed Combat
  4599 | D:5      | Entered Level 5 of the Dungeon
  4604 | D:5      | Reached * piety under Cheibriados
  4700 | D:5      | Noticed Grinder
  4713 | D:5      | Paralysed by Grinder for 2 turns
  4718 | D:5      | Killed Grinder
  4718 | D:5      | Reached XP level 8. HP: 14/48 MP: 5/11
  4985 | D:5      | Noticed Blork the orc
  4999 | D:5      | Killed Blork the orc
  4999 | D:5      | Reached skill level 7 in Unarmed Combat
  5272 | D:5      | Found a glowing golden altar of the Shining One.
  6185 | D:6      | Found an ornate altar of the Wu Jian Council.
  6191 | D:6      | Learned a level 4 spell: Ice Form
  6503 | D:6      | Reached ** piety under Cheibriados
  6516 | D:6      | Reached skill level 1 in Ice Magic
  6784 | D:6      | Found a shimmering blue altar of Sif Muna.
  6790 | D:6      | Gained mutation: Your flesh is cold resistant. (rC+)
                  | [potion of mutation]
  6790 | D:6      | Gained mutation: You are partially covered in molten
                  | scales. (AC +2) [potion of mutation]
  6876 | D:7      | Reached skill level 8 in Unarmed Combat
  7182 | D:7      | Found Yzehid's Jewellery Boutique.
  7191 | D:7      | Reached XP level 9. HP: 53/53 MP: 8/12
  7383 | D:7      | Found a staircase to the Ecumenical Temple.
  7393 | D:7      | Noticed a manticore
  7769 | D:7      | Killed a manticore
  7769 | D:7      | Reached *** piety under Cheibriados
  7769 | D:7      | Reached skill level 9 in Unarmed Combat
  7790 | D:7      | Got a crystal rapier
  7791 | D:7      | Identified the cursed +2 rapier "Becuh" {vorpal, rC+} (You
                  | found it on level 7 of the Dungeon)
  8166 | D:8      | Found a transporter.
  8176 | D:8      | Noticed a skeletal warrior
  8197 | D:8      | Found a transporter.
  8260 | D:8      | Noticed a brown ugly thing
  8268 | D:8      | HP: 3/63 [acid (6)]
  8272 | D:8      | Slain by a brown ugly thing

Illustrated notes

Levels and vault maps discovered:
D:1:      nicolae_arrival_washed_ashore, layout_basic
D:2:      layout_rooms, lemuel_crystal_altar, lemuel_doored_altar, first_ration,
          minivault_11, uniq_natasha
D:3:      layout_loops_corners, kennysheep_slug_shrine, lemuel_round_altar,
          uniq_sigmund
D:4:      layout_basic, grunt_gozag_breadcrumbs, serial_park_tiny_pond
D:5:      layout_loops_ring, basic_altar, uniq_blork_the_orc, uniq_grinder
D:6:      layout_loops_ring, lemuel_blue_sif_altar, lemuel_round_altar,
          lemuel_old_faithful
D:7:      minmay_clustersquares, layout_cave_pools, temple_green, serial_shops,
          nicolae_shop_trees
D:8:      layout_cave_pods, gammafunk_temple_of_torment, lemuel_crystal_altar,
          zin_scriptorium, uniq_maggie

Skill      XL: |  1  2  3  4  5  6  7  8  9 |
---------------+----------------------------+-----
Stealth        | 1 2 |  2.0
Transmutations | 3 4 5 6 7 8 |  8.8
Unarmed Combat | 4 5 6 8 9 |  9.1
Poison Magic   | 1 2 |  2.0
Ice Magic      | 1 3 |  3.0
Fighting       | |  1.0
Dodging        | |  2.0
Spellcasting   | |  2.0

Action                   |  1- 3 |  4- 6 |  7- 9 || total
-------------------------+-------+-------+-------++-------
Melee: Unarmed           |    59 |   124 |   203 ||   386
       Kick              |    12 |    17 |    23 ||    52
       Tentacles         |     7 |    27 |    12 ||    46
       Constrict         |    14 |    31 |    15 ||    60
       Punch             |       |     2 |     3 ||     5
 Cast: Beastly Appendage |    11 |    18 |    16 ||    45
       Spider Form       |       |     1 |     9 ||    10
       Sticks to Snakes  |       |     1 |     3 ||     4
       Ice Form          |       |       |     6 ||     6
  Use: Scroll            |       |     1 |     6 ||     7
       Potion            |       |       |    11 ||    11
 Stab: Sleeping          |     2 |     7 |     8 ||    17
       Distracted        |     1 |       |       ||     1
       Invisible         |       |       |     2 ||     2
  Eat: Chunk             |     2 |     8 |    10 ||    20
Armor: Skin              |     6 |     8 |    16 ||    30
Dodge: Dodged            |    36 |    68 |   102 ||   206
